 Dungeon Crawl Stone Soup version 0.29-a0-371-g91724d5b39 (webtiles) character file.

Game seed: 16090211602197923997

24 psuckher the Sneak (level 2, 0/27 HPs)
             Began as a Minotaur Delver on May 2, 2022.
             Slain by an orc wizard
             ... wielding a +0 dagger
              (4 damage)
             ... on level 5 of the Dungeon.
             The game lasted 00:00:24 (78 turns).

psuckher the Sneak (Minotaur Delver)                  Turns: 78, Time: 00:00:25

Health: 0/27       AC:  3    Str: 16    XL:     2   Next: 79%
Magic:  1/1        EV: 11    Int:  7    God:
Gold:   0          SH:  0    Dex: 11    Spells: 1/1 levels left

rFire   . . .      SeeInvis .   a - +0 falchion
rCold   . . .      Faith    .   (no shield)
rNeg    . . .      Spirit   .   b - +0 leather armour
rPois   .          Reflect  .   (helmet restricted)
rElec   .          Harm     .   (no cloak)
rCorr   .          Rampage  .   (no gloves)
Will    .....                   (no boots)
Stlth   +.........              (no amulet)
HPRegen 0.09/turn               (no ring)
MPRegen 0.07/turn               (no ring)

@: confused
A: horns 2, retaliatory headbutt
a: no special abilities


You were on level 5 of the Dungeon.
You visited 1 branch of the dungeon, and saw 1 of its levels.

Inventory:

Hand Weapons
 a - a +0 falchion (weapon)
Armour
 b - a +0 leather armour (worn)
Wands
 g - a wand of digging (3)
Scrolls
 c - a scroll of fog
 d - a scroll of magic mapping
 e - a scroll of fear
Potions
 f - a potion of haste


   Skills:
 + Level 3.9 Fighting
 + Level 2.5 Long Blades
 + Level 2.2 Dodging
 + Level 4.6 Stealth


You had one spell level left.
You didn't know any spells.
Your spell library was empty.

Dungeon Overview and Level Annotations

Branches:
Dungeon (5/15)
 Temple: D:4-7

Altars:
Nemelex Xobeh


Innate Abilities, Weirdness & Mutations

You have a pair of horns on your head.
You reflexively headbutt those who attack you in melee.


Message History

The orc wizard flickers and vanishes!
Deactivating autopickup; reactivate with Ctrl-A.
You hit the orc wizard.
The orc wizard is heavily wounded.
The orc wizard closely misses you.
You hit the orc wizard. You headbutt the orc wizard.
You kill the orc wizard!
You have reached level 2!
You closely miss the orc. The orc hits you but does no damage.
You barely miss something. Something hits you.
You miss something. Your punch misses something. Something hits you.
You miss something. Something hits you.
You closely miss something.
You hear some strange, mumbled words.
You are confused.
You're too confused to move!
Something hits you but does no damage.
You bump into the rock wall.
Something hits you but does no damage.
You miss something.
You hear some strange, mumbled words.
A magic dart appears from out of thin air!
The magic dart hits you.
You barely miss something.
You hear some strange, mumbled words.
You are more confused.
Something hits you.
You're too confused to move!
Something hits you but does no damage.
You bump into the rock wall.
Something hits you.
You bump into the rock wall.
Something hits you.
You bump into the rock wall.
You hear some strange, mumbled words.
You are more confused.
Something hits you.
A magic dart appears from out of thin air!
The magic dart hits you.
* * * LOW HITPOINT WARNING * * *
You bump into the rock wall.
Something hits you.
* * * LOW HITPOINT WARNING * * *
You closely miss something. Something hits you.
You die...

#.# #.# #>###.##
#......# ##+#
#.#####..# ##...#
#........# #.....#
########.#
.......## ##.###.#
.o......####...##.#
.......ooo{@....#.#
........####...##.#
.......##
##.###.### .⌠.⌠..#
#.......# .._..#
#.###.#.# #⌠.⌠# #.#
#.#.# ##..
#.###.#.# ##
#.##..#.# #.##.##.#


You could see 3 orcs.

Vanquished Creatures
  An orc wizard (D:5)
1 creature vanquished.

Notes
Turn   | Place    | Note
-------+----------+-------------------------------------------
     0 | D:5      | psuckher the Minotaur Delver began the quest for the Orb.
     0 | D:5      | Reached XP level 1. HP: 19/19 MP: 0/0
    46 | D:5      | Found a sparkling altar of Nemelex Xobeh.
    46 | D:5      | Noticed an orc wizard
    47 | D:5      | Noticed an orc wizard
    61 | D:5      | Killed an orc wizard
    62 | D:5      | Reached XP level 2. HP: 25/27 MP: 1/1
    78 | D:5      | Slain by an orc wizard

Illustrated notes

Levels and vault maps discovered:
D:5:      layout_loops_corners, nemelex_xobeh_ov_fountains_minmay

Action                   || total
-------------------------++-------
Melee: Falchion          ||    13
       Headbutt          ||     1
       Punch             ||     1
Armor: Leather armour    ||     4
Dodge: Dodged            ||     3

Table legend: (Time is in decaauts)
 A = Elapsed time spent in this place.
 B = Non-inter-level travel time spent in this place.
 C = Inter-level travel time spent in this place.
 D = Time resting spent in this place.
 E = Time spent auto-exploring this place.
 F = Levels seen in this place.
 G = Mean time per level.
                   A        B        C        D        E       F      G
               +--------+--------+--------+--------+--------+-----+--------+
         Total |     80 |     80 |      0 |      0 |      0 |   1 |   80.0 |
       Dungeon |     80 |     80 |      0 |      0 |      0 |   1 |   80.0 |
               +--------+--------+--------+--------+--------+-----+--------+

Top non-repeatable levels by time:
     D:5: 80 daAuts
